 Dungeon Crawl Stone Soup version 0.17-a0-1168-gbda161f (webtiles) character file.

29162 HeyJoe the End of an Era (level 13, -3/102 HPs)
             Began as a Deep Dwarf Fighter on May 29, 2015.
             Was the Champion of Qazlal.
             Slain by an acid blob (30 damage)
             ... on level 1 of the Pits of Slime.
             The game lasted 01:15:23 (11591 turns).

HeyJoe the End of an Era (Deep Dwarf Fighter)      Turns: 11591, Time: 01:15:23

Health: -3/102     AC:  8    Str: 25    XL:     13   Next: 13%
Magic:  7/7        EV: 16    Int:  9    God:    Qazlal [******]
Gold:   311        SH: 18    Dex: 19    Spells: 0 memorised, 12 levels left

rFire  . . .     SeeInvis .     a - +0 war axe
rCold  + + +     Clarity  +     H - +0 ring mail "Ehij" {+Inv rC+++ MP-9 Dex+2}
rNeg   . . .     SustAt   .     c - +0 shield
rPois  +         Gourm    .     J - +1 helmet
rElec  .         Spirit   .     K - +0 cloak
rCorr  .         Warding  .     Q - +2 pair of gloves
rMut   .         Stasis   .     s - +0 pair of boots
MR     +....                    y - amulet of clarity
Stlth  +.........               x - ring of poison resistance
                                e - +3 ring of evasion

@: agile, protected from physical damage, corroded equipment, non-regenerating,
repel missiles, somewhat resistant to hostile enchantments, very unstealthy
A: damage resistance, recharge devices, sense surroundings 2, slow healing 3
a: Device Recharging, Upheaval, Elemental Force, Disaster Area, Renounce
Religion, Evoke Invisibility


You were on level 1 of the Pits of Slime.
You worshipped Qazlal.
Qazlal was exalted by your worship.
You were very hungry.

You visited 4 branches of the dungeon, and saw 18 of its levels.
You also visited: Ossuary.

You collected 745 gold pieces.
You spent 378 gold pieces at shops.

Inventory:

Hand weapons
 a - a +0 war axe (weapon)
 R - a +0 falchion
Armour
 c - a +0 shield (worn)
 s - a +0 pair of boots (worn)
 H - the +0 ring mail "Ehij" (worn) {+Inv rC+++ MP-9 Dex+2}
   (You found it on level 6 of the Dungeon)

   It affects your dexterity (+2).
   It renders you almost immune to cold.
   It affects your magic capacity (-9).
   It lets you turn invisible.
 J - a +1 helmet (worn)
 K - a +0 cloak (worn)
 Q - a +2 pair of gloves (worn)
Jewellery
 e - a +3 ring of evasion (left hand)
 g - an uncursed amulet of stasis
 j - an uncursed ring of invisibility {unknown}
 q - an uncursed ring of flight
 x - a ring of poison resistance (right hand)
 y - an amulet of clarity (around neck)
 F - an uncursed ring of protection from cold
 S - an uncursed amulet of warding
Magical devices
 h - a wand of heal wounds (1)
 i - a wand of draining (10)
 L - a wand of paralysis (11)
 P - a wand of slowing (18)
 T - a wand of disintegration (9)
Scrolls
 b - a scroll of enchant weapon
 m - 6 scrolls of remove curse
 r - 9 scrolls of identify
 v - 2 scrolls of enchant armour
 A - a scroll of fear
Potions
 d - 3 potions of might
 n - a potion of brilliance
 t - 2 potions of lignification
 B - 2 potions of curing
Comestibles
 f - 7 bread rations
 z - 8 meat rations
 E - 2 beef jerkies
 N - 16 fruits


   Skills:
 - Level 2.6 Fighting
 * Level 16.4 Axes
 + Level 9.0 Armour
 - Level 3.2 Shields
 - Level 17.0 Invocations


You had 12 spell levels left.
You didn't know any spells.

Dungeon Overview and Level Annotations

Branches:
Dungeon (8/15)             Temple (1/1) D:5            Lair (8/8) D:8
 Shoals (0/4) Lair:4       Spider (0/4) Lair:6        Slime (1/6) Lair:8

Altars:
Ashenzari
Cheibriados
Dithmenos
Elyvilon
Fedhas
Gozag
Kikubaaqudgha
Nemelex Xobeh
Okawaru
Qazlal
Ru
Sif Muna
Trog
Vehumet
Xom
Yredelemnul
Zin
The Shining One

Shops:
D:7 ?:[

Annotations:
Lair:3 Chiseanne's ghost, powerful DsWn; Fannar
Lair:8 Nessos


Innate Abilities, Weirdness & Mutations

You are resistant to damage.
You can recharge devices by infusing magical energy.
You passively map the area around you.
You do not heal naturally.


Message History

Your resistance to physical damage fades away.
You feel protected from cold. You block the azure jelly's attack.
The azure jelly misses you.
The azure jelly hits you but does no damage.
You hit the azure jelly.
The azure jelly is moderately wounded.
The azure jelly hits you. The azure jelly freezes you! You resist.
You block the azure jelly's attack. The azure jelly hits you.
The azure jelly hits you but does no damage.
You hit the azure jelly but do no damage.
The azure jelly is moderately wounded.
You hit the acid blob.
Your hands burn!
The acid blob is lightly wounded.
You block the azure jelly's attack. x2
The azure jelly hits you!
* * * LOW HITPOINT WARNING * * *
Your resistance to cold fades away.
You feel protected from physical attacks.
The azure jelly barely misses you. The acid blob hits you!!
You die...

############ ** **
##........#.##* , ,
* , ............#..
, ,*, , .
.............. * ,
,..##............ ,
, ,
................,,,*
, * *,
......§..§#....., *
* ,
,......§<.§......, ,
* , .....#.J@§...#.,
.....J.J§.§.....
..........§.....
.........#....#. *
................ **
.......#........ * *
.....##......... ,
.#.# .........* *
*,,, ,* ,, ,,


You could see 2 acid blobs and an azure jelly.

Vanquished Creatures
  The ghost of HeyJoe the Severer, a powerful DDFi of Makhleb (Lair:7)
  The ghost of ohyou the Spry, a powerful FeAr of Nemelex Xobeh (Lair:3)
  2 hydras
  A queen ant (Lair:2)
  A death yak (Lair:6)
  A manticore (Lair:4)
  A griffon (Lair:4)
  2 torpor snails
  3 black mambas
  7 spiny frogs
  2 centaur skeletons (D:8)
  3 komodo dragons
  A fire drake (Lair:6)
  A two-headed ogre (D:8)
  The ghost of KlotserJr the Slasher, an average DsBe of Trog (D:5)
  3 blink frogs
  2 wandering mushrooms (Lair:1)
  2 air elementals
  35 yaks
  A wyvern (Lair:5)
  A fire elemental (Lair:1)
  A hungry ghost (D:7)
  2 basilisks (Lair:1)
  12 wolves
  20 soldier ants (Lair:2)
  6 hippogriffs
  3 wargs (D:8)
  7 porcupines
  3 water moccasins
  An orc warrior (D:7)
  3 ice beasts
  A hell hound (Slime:1)
  An ogre (D:8)
  A black bear (D:7)
  2 necrophages
  A phantom (D:5)
  2 big kobolds
  2 centaurs
  8 crocodiles
  15 giant frogs
  A gnoll sergeant (D:7)
  A wyvern skeleton (D:7)
  A water moccasin skeleton (D:5)
  3 scorpions
  2 electric eels
  11 wights
  6 killer bees (D:8)
  A crimson imp (D:6)
  A gnoll shaman (D:6)
  A hound (D:8)
  Crazy Yiuf (D:7)
  5 orc priests
  3 jellies
  20 worker ants
  4 orc wizards
  5 iguanas
  5 big kobold zombies (Ossuary)
  27 sheep
  A hound zombie (D:8)
  2 hound skeletons
  A mummy (Ossuary)
  3 adders
  15 gnolls
  30 river rats
  A shadow imp (D:7)
  A worm zombie (D:6)
  3 worms
  4 giant geckos
  21 orcs
  2 spectral bats (Ossuary)
  2 bat skeletons (D:4)
  4 bat zombies
  7 giant cockroaches
  7 gnoll zombies (Ossuary)
  12 hobgoblins
  10 jackals
  A quokka (D:7)
  10 bats
  A bat simulacrum (Ossuary)
  2 giant gecko zombies
  3 giant newts
  10 goblins
  3 goblin simulacra (Ossuary)
  5 goblin zombies (Ossuary)
  3 hobgoblin zombies (Ossuary)
  41 kobolds
  6 kobold simulacra (Ossuary)
  5 kobold zombies (Ossuary)
  5 orc zombies (Ossuary)
  18 rats
  2 rat simulacra (Ossuary)
  A rat zombie (D:6)
  3 spectral goblins (Ossuary)
  8 spectral kobolds (Ossuary)
  2 spectral rats (Ossuary)
  7 butterflies (Lair:3)
  40 fungi
  22 plants
585 creatures vanquished.

Vanquished Creatures (collateral kills)
  Nergalle (Lair:2)
  A merfolk (Lair:3)
  2 yaks (Lair:1)
  A spectral orc (Lair:2)
5 creatures vanquished.

Vanquished Creatures (others)
  A fire drake (Lair:8)
  An air elemental (Lair:3)
  A water elemental (Lair:3)
  A jelly (Lair:8)
  6 fungi
  2 plants
  12 toadstools (Lair:6)
24 creatures vanquished.

Grand Total: 614 creatures vanquished

Notes
Turn   | Place    | Note
--------------------------------------------------------------
     0 | D:1      | HeyJoe the Deep Dwarf Fighter began the quest for the Orb.
     0 | D:1      | Reached XP level 1. HP: 20/20 MP: 1/1
   118 | D:1      | Reached XP level 2. HP: 17/27 MP: 2/2
   570 | D:2      | Found a shadowy altar of Dithmenos.
   826 | D:2      | Reached XP level 3. HP: 31/33 MP: 3/3
   840 | D:2      | Found an opulent altar of Gozag.
   840 | D:2      | Found an iron altar of Okawaru.
  1115 | D:3      | Reached skill level 4 in Axes
  1632 | D:3      | Found a shattered altar of Ashenzari.
  1987 | D:4      | Reached XP level 4. HP: 26/40 MP: 4/4
  2050 | D:4      | Reached skill level 5 in Axes
  2323 | D:4      | Reached XP level 5. HP: 33/46 MP: 5/5
  3362 | D:5      | Entered Level 5 of the Dungeon
  3364 | D:5      | Noticed a phantom
  3478 | D:5      | Reached skill level 6 in Axes
  3679 | D:5      | Found a glowing silver altar of Zin.
  3679 | D:5      | Found a white marble altar of Elyvilon.
  3679 | D:5      | Found a glowing golden altar of the Shining One.
  3753 | D:5      | Killed a phantom
  3753 | D:5      | Reached skill level 7 in Axes
  3753 | D:5      | Reached XP level 6. HP: 22/55 MP: 6/6
  3789 | D:5      | Found a staircase to the Ecumenical Temple.
  3838 | D:5      | Noticed a necrophage
  3851 | D:5      | Killed a necrophage
  3851 | D:5      | Reached skill level 8 in Axes
  3959 | Temple   | Entered the Ecumenical Temple
  4181 | Temple   | Became a worshipper of Qazlal Stormbringer
  4207 | D:5      | Reached XP level 7. HP: 21/61 MP: 7/7
  4242 | D:5      | Noticed KlotserJr's ghost (average DsBe)
  4394 | D:5      | Killed KlotserJr's ghost
  4394 | D:5      | Reached skill level 9 in Axes
  4441 | D:5      | Noticed an ice beast
  4452 | D:5      | Killed an ice beast
  4552 | D:6      | Found a sand-covered staircase.
  4564 | D:6      | Noticed a yak
  4564 | D:6      | Noticed a yak
  4566 | D:6      | Noticed a yak
  4566 | D:6      | Noticed a yak
  4567 | D:6      | Noticed a yak
  4568 | D:6      | Noticed a yak
  4603 | D:6      | Found Korchalacs's Armour Emporium.
  4666 | Ossuary  | Entered an ossuary
  4715 | Ossuary  | Acquired Qazlal's first power
  4895 | Ossuary  | Reached skill level 10 in Axes
  5018 | Ossuary  | Acquired Qazlal's second power
  5103 | Ossuary  | Reached XP level 8. HP: 51/68 MP: 7/7
  5175 | D:6      | Killed a yak
  5191 | D:6      | Killed a yak
  5191 | D:6      | Reached skill level 11 in Axes
  5217 | D:5      | Killed a yak
  5373 | D:6      | Got a jewelled ring mail
  5401 | D:7      | Identified the +0 ring mail "Ehij" {+Inv rC+++ MP-9 Dex+2} (You found it on level 6 of the Dungeon)
  5411 | D:7      | Found Fomux's Book Shoppe.
  5427 | D:7      | Found Tayja's Antique Armour Shoppe.
  5433 | D:7      | Bought a helmet for 148 gold pieces
  5433 | D:7      | Bought a cloak for 148 gold pieces
  5518 | D:7      | Found a blossoming altar of Fedhas.
  5629 | D:7      | Reached skill level 12 in Axes
  5801 | D:7      | Acquired Qazlal's third power
  5801 | D:7      | Gained mutation: You passively map the area around you. [Deep Dwarf growth]
  5801 | D:7      | Reached XP level 9. HP: 30/74 MP: 0/8
  5882 | D:6      | Reached skill level 1 in Invocations
  6116 | D:6      | Killed a yak
  6124 | D:6      | Killed a yak
  6124 | D:6      | Reached skill level 13 in Axes
  6133 | D:6      | Killed a yak
  6133 | D:6      | Reached skill level 5 in Invocations
  6258 | D:6      | Found a shimmering altar of Xom.
  6474 | D:6      | Found an ancient bone altar of Kikubaaqudgha.
  6802 | D:7      | Acquired Qazlal's fourth power
  6847 | D:7      | Found Ylioqeg's Magic Scroll Shoppe.
  6852 | D:7      | Bought a scroll of enchant weapon for 82 gold pieces
  6980 | D:7      | Noticed Crazy Yiuf
  7193 | D:7      | Killed Crazy Yiuf
  7382 | D:8      | Reached skill level 10 in Invocations
  7382 | D:8      | Reached XP level 10. HP: 53/81 MP: 6/15
  7395 | D:8      | Noticed a centaur skeleton
  7467 | D:8      | Killed a centaur skeleton
  7605 | D:8      | Found a staircase to the Lair.
  7869 | D:8      | Found a bloodstained altar of Trog.
  8052 | Lair:1   | Entered Level 1 of the Lair of Beasts
  8137 | Lair:1   | Acquired Qazlal's fifth power
  8210 | Lair:1   | Reached skill level 14 in Invocations
  8333 | Lair:1   | Reached XP level 11. HP: 40/88 MP: 7/16
  8538 | Lair:1   | Noticed a black mamba
  8544 | Lair:1   | Killed a black mamba
  8771 | Lair:1   | Noticed a seven-headed hydra
  8777 | Lair:1   | Killed a seven-headed hydra
  8777 | Lair:1   | Reached skill level 15 in Invocations
  9120 | Lair:2   | Noticed Nergalle
  9128 | Lair:2   | Killed Nergalle
  9147 | Lair:2   | Reached skill level 16 in Invocations
  9257 | Lair:2   | Reached skill level 17 in Invocations
  9566 | Lair:2   | Noticed a queen ant
  9596 | Lair:2   | Killed a queen ant
  9596 | Lair:2   | Reached skill level 5 in Armour
  9667 | Lair:2   | Reached XP level 12. HP: 41/96 MP: 9/18
  9994 | Lair:3   | Drew Focus: Str increased to 25, Int decreased to 9
  9996 | Lair:3   | Noticed a six-headed hydra
 10014 | Lair:3   | Noticed Chiseanne's ghost (powerful DsWn)
 10015 | Lair:3   | Noticed Fannar
 10032 | Lair:3   | Noticed ohyou's ghost (powerful FeAr)
 10053 | Lair:3   | Killed ohyou's ghost
 10345 | Lair:4   | Found a staircase to the Shoals.
 10398 | Lair:4   | Noticed a six-headed hydra
 10520 | Lair:5   | Reached skill level 15 in Axes
 10878 | Lair:6   | Found a hole to the Spider Nest.
 11314 | Lair:7   | Noticed HeyJoe's ghost (powerful DDFi)
 11318 | Lair:7   | Noticed a four-headed hydra
 11378 | Lair:7   | Killed HeyJoe's ghost
 11388 | Lair:7   | Reached XP level 13. HP: 32/102 MP: 4/17
 11486 | Lair:8   | Entered Level 8 of the Lair of Beasts
 11529 | Lair:8   | Found a staircase to the Slime Pits.
 11551 | Lair:8   | Noticed Nessos
 11575 | Slime:1  | Entered Level 1 of the Pits of Slime
 11581 | Slime:1  | Noticed an azure jelly
 11583 | Slime:1  | Noticed an acid blob
 11584 | Slime:1  | Noticed an acid blob
 11591 | Slime:1  | Slain by an acid blob

Vault maps used:
D:1:      sevenhm_arrival_forest_fort_small_4
D:2:      gammafunk_temple_overflow_wave, first_bread, grunt_dithmenos_smoke
D:3:      evilmike_ruin_ashenzari
D:4:      minmay_gold_behind_fungi, kennysheep_cross_bottleneck,
          minmay_misc_feat_nine_boxes, roderic_serpentine_path,
          kennysheep_generic_room_12
D:5:      good_gods_mini_temple, minmay_temple_entry_glass
D:6:      kennysheep_kobold_camp, lemuel_round_altar,
          lemuel_zombie_altar_kikubaaqudgha, serial_shops, kennysheep_mini_moat,
          enter_ossuary_3, minivault_24
D:7:      fedhas_altar_fruit_tree, serial_shops, shop, kennysheep_little_box,
          nicolae_shop_crystal, uniq_crazy_yiuf_cottage
D:8:      wad_pebble_path, bloody_trog, erik_lair_orcish_takeover
Temple:   minmay_temple_bridge_a_8
Lair:1:   minivault_25, wad_woods_river_04, fungi_pond_lemuel,
          nicolae_lair_grove_arrangements
Lair:2:   minivault_29, uniq_nergalle
Lair:3:   st_stairs_4, uniq_fannar
Lair:4:   minmay_shoals_entry_beasts
Lair:5:   st_stairs_12
Lair:6:   gammafunk_lair_enchanted_lake, dummy_spider_entry, grunt_megastairs_2
Lair:7:   grunt_megastairs_3
Lair:8:   evilmike_catoblepas_cave, minmay_slime_entry_pillars, special_room,
          hangedman_lair_generics_rect, uniq_nessos
Slime:1:  cheibrodos_slime_lost_civilization_4
Ossuary:  ossuary_zaba_two_paths

Action                   |  1- 3 |  4- 6 |  7- 9 | 10-12 | 13-15 || total
-------------------------+-------+-------+-------+-------+-------++-------
Melee: War axe           |   198 |   171 |   576 |   910 |    21 ||  1876
Invok: Elemental Force   |       |       |       |     3 |       ||     3
       Upheaval          |       |       |       |     3 |       ||     3
 Abil: Device Recharging |       |       |     2 |     6 |     1 ||     9
Evoke: Wand              |     1 |     4 |    13 |    24 |     8 ||    50
       Deck              |       |       |       |     6 |       ||     6
  Use: Scroll            |       |       |    10 |    11 |     5 ||    26
       Potion            |       |       |     4 |    11 |     1 ||    16
 Stab: Paralysed         |       |       |     3 |       |       ||     3
       Distracted        |       |       |       |     2 |       ||     2
  Eat: Chunk             |     4 |     5 |     5 |     9 |       ||    23
       Pizza             |       |     1 |       |     2 |       ||     3
       Fruit             |       |       |     1 |       |       ||     1
       Beef jerky        |       |       |     1 |       |       ||     1
       Meat ration       |       |       |     1 |       |       ||     1
       Royal jelly       |       |       |       |     1 |       ||     1
